 Dungeon Crawl Stone Soup version 0.19-a0-1849-g2383789 (webtiles) character file.

35 PurpleRed the Firebug (level 3, 0/19 HPs)
             Began as a Kobold Fire Elementalist on Oct 9, 2016.
             Slain by Grinder (4 damage)
             ... on level 3 of the Dungeon.
             The game lasted 00:05:11 (583 turns).

PurpleRed the Firebug (Kobold Fire Elementalist)     Turns: 583, Time: 00:05:12

Health: 0/19       AC:  2    Str:  5    XL:     3   Next: 52%
Magic:  0/6        EV: 15    Int: 17    God:
Gold:   63         SH:  0    Dex: 15    Spells: 2 memorised, 4 levels left

rFire  + . .     SeeInvis .     k - +1 short sword (venom)
rCold  + . .     Gourm    .     a - +0 robe
rNeg   . . .     Faith    .     (shield restricted)
rPois  +         Spirit   .     (no helmet)
rElec  +         Dismiss  .     (no cloak)
rCorr  +         Reflect  .     (no gloves)
MR     .....     Harm     .     (no boots)
Stlth  ++........               l - amulet of inaccuracy (curse)
                                (no ring)
                                (no ring)

@: resistant, very slightly contaminated
A: carnivore 3
a: no special abilities


You were on level 3 of the Dungeon.
You were very full.

You visited 1 branch of the dungeon, and saw 3 of its levels.

You collected 63 gold pieces.

Inventory:

Hand Weapons
 e - a +0 dagger
 k - a +1 short sword of venom (weapon)
Missiles
 i - 2 tomahawks (quivered)
Armour
 a - a +0 robe (worn)
Jewellery
 l - a cursed amulet of inaccuracy (around neck)
Scrolls
 d - a scroll of blinking
 f - 3 scrolls of identify
 g - a scroll of enchant armour {unknown}
 j - a scroll of noise {unknown}
Books
 b - a book of Flames

   Spells                             Type                      Level
   a - Flame Tongue                   Conjuration/Fire             1
   b - Throw Flame                    Conjuration/Fire             2
   c - Conjure Flame                  Conjuration/Fire             3
   d - Inner Flame                    Hexes/Fire                   3
   e - Sticky Flame                   Conjuration/Fire             4
   f - Fireball                       Conjuration/Fire             5
Comestibles
 c - 2 meat rations


   Skills:
 - Level 2.8 Dodging
 - Level 3.0 Stealth
 + Level 2.6 Spellcasting
 + Level 1.5 Conjurations
 + Level 3.4 Fire Magic


You had 4 spell levels left.
You knew the following spells:

 Your Spells              Type           Power        Failure   Level  Hunger
a - Flame Tongue          Conj/Fire      ##...        10%         1    #......
b - Throw Flame           Conj/Fire      ##....       12%         2    ##.....


Dungeon Overview and Level Annotations

Branches:
Dungeon (3/15)

Altars:
Hepliaklqana
Okawaru
Trog

Annotations:
D:3 Grinder; PurpleRed's ghost, weakling KoCj


Innate Abilities, Weirdness & Mutations

You are small and have problems with some larger weapons.
You are carnivorous and can eat meat at any time.


Message History

It is a scroll of identify.
d - a scroll of blinking Grinder blinks!
You hit Grinder.
Grinder is severely wounded.
Grinder misses you.
You hit Grinder but do no damage.
Grinder is severely wounded.
Grinder barely misses you.
You miss Grinder.
Grinder is severely wounded.
Grinder rolls her eyes.
Grinder gestures at you. You resist with significant effort.
You hit Grinder but do no damage.
Grinder is severely wounded.
Grinder hits you!
* * * LOW HITPOINT WARNING * * *
You writhe in agony.
You die...

#.....##...+.#.# #
8...8##...#.#.# .#.. ##>##
###...#.# #.#.##. #.
########## #..##.# .......
....#.....##.###..##.# ...####
#.........#.#....##.# .......
....#.#.....5......#.#
....####+####.#..####.####.#.#
...... .......#5@##.....##.#.#
..............#..#.......#...#
..............#..#.......#.###
#...... .....#......_.......#
..... ...#..#.......#...# ...
#+#.#..#.......#...#### (.
#.#....##.....##....... #..
#...#..####.####..#####
#...##+##..#.............#


You could see Grinder.

Vanquished Creatures
  An adder (D:2)
  A worm (D:2)
  2 leopard geckos
  A ball python (D:3)
  2 goblins (D:3)
  2 hobgoblins
  5 kobolds
  A bat (D:3)
  3 frilled lizards
  4 rats
22 creatures vanquished.

Notes
Turn   | Place    | Note
-------+----------+-------------------------------------------
     0 | D:1      | PurpleRed the Kobold Fire Elementalist began the quest for the Orb.
     0 | D:1      | Reached XP level 1. HP: 10/10 MP: 3/3
   126 | D:2      | Reached XP level 2. HP: 10/15 MP: 0/5
   130 | D:2      | Learned a level 2 spell: Throw Flame
   242 | D:2      | Reached XP level 3. HP: 17/19 MP: 1/6
   281 | D:3      | Noticed PurpleRed's ghost (weakling KoCj)
   373 | D:3      | Found a hazy altar of Hepliaklqana.
   494 | D:3      | Found an iron altar of Okawaru.
   497 | D:3      | Found a bloodstained altar of Trog.
   551 | D:3      | Noticed Grinder
   563 | D:3      | Paralysed by Grinder for 3 turns
   583 | D:3      | Slain by Grinder

Vault maps used:
D:1:      mushboom_english_gardens, minmay_vboxes
D:3:      nicolae_overflow_hidden_temple, lemuel_round_altar,
          old_standard_altar, nicolae_gozag_seed_capital, uniq_grinder

Skill      XL: |  1  2 |
---------------+-------+-----
Stealth        | 3 |  3.0
Dodging        | |  2.8
Spellcasting   | |  2.6
Conjurations   | |  1.5
Fire Magic     | |  3.4

Action                   || total
-------------------------++-------
Melee: Dagger            ||    16
       Short sword       ||    19
 Cast: Flame Tongue      ||    30
  Use: Potion            ||     2
       Scroll            ||     1
 Stab: Sleeping          ||     3
  Eat: Chunk             ||     6
Armor: Robe              ||     7
Dodge: Dodged            ||    36
